 Dungeon Crawl Stone Soup version 0.31-a0-1178-gc5c9b8f871 (webtiles) character file.

Game seed: 5527527100502057193

3789 qw the Skirmisher (level 10, -1/64 HPs)
             Began as a Gargoyle Hunter on Dec 11, 2023.
             Was a Priest of Okawaru.
             Slain by a yak (5 damage)
             ... on level 8 of the Dungeon.
             The game lasted 00:03:31 (7933 turns).

qw the Skirmisher (Gargoyle Hunter)                 Turns: 7933, Time: 00:03:31

Health: -1/64      AC: 13    Str: 14 (16) XL:     10   Next: 16%
Magic:  13/13      EV: 12    Int:  9      God:    Okawaru [***...]
Gold:   301        SH:  0    Dex: 21 (23) Spells: 9/9 levels left

rFire   . . .        q - +0 orcbow
rCold   . . .        (shield currently unavailable)
rNeg    + . .        f - +1 ring mail
rPois   inf          (no helmet)
rElec   +            (no cloak)
rCorr   .            (no gloves)
SInv    +            (no boots)
Will    .....        (no amulet)
Stlth   +            n - ring of see invisible
HPRegen 0.30/turn    g - +6 ring of dexterity
MPRegen 0.13/turn

%: no passive effects
@: about to teleport
A: sickness immunity, AC +7, negative energy resistance 1, electricity
resistance, torment resistance 1, petrification resistance
a: Renounce Religion, Heroism


You were on level 8 of the Dungeon.
You worshipped Okawaru.
Okawaru was most pleased with you.
You visited 2 branches of the dungeon, and saw 9 of its levels.
You also visited: Ossuary.

You collected 301 gold pieces.


Innate Abilities, Weirdness & Mutations

You are immune to sickness and miasma.
Your stone body is resilient. (AC +7)
You are immune to poison.
You resist negative energy. (rN+)
You are resistant to electric shocks. (rElec)
You are resistant to unholy torment.
You are immune to petrification.


   Skills:
 - Level 8.1 Fighting
 + Level 11.7 Ranged Weapons
 - Level 2.0 Armour
 - Level 3.3 Dodging
 - Level 1.1 Stealth
 - Level 4.0 Invocations


You had 9 spell levels left.
You didn't know any spells.
Your spell library was empty.

Inventory:

Hand Weapons
 q - a +0 orcbow (weapon)
Armour
 f - a +1 ring mail (worn)
 k - a +0 helmet
Jewellery
 g - a +6 ring of dexterity (right hand)
 j - a ring of willpower
 n - a ring of see invisible (left hand)
 Y - a ring of positive energy
Wands
 a - a wand of iceblast (4)
 l - a wand of paralysis (4)
Potions
 b - a potion of cancellation
 c - a potion of resistance
 d - a potion of mutation
 e - 3 potions of enlightenment
 h - a potion of might
 i - 2 potions of haste
 r - a potion of curing

Dungeon Overview and Level Annotations

Branches:
Dungeon (8/15)             Temple (1/1) D:4         Ossuary (visited)
   Lair: D:8-11

Altars:
Cheibriados
Elyvilon
Fedhas
Gozag
Hepliaklqana
Kikubaaqudgha
Makhleb
Nemelex Xobeh
Okawaru
Qazlal
Ru
Sif Muna
Trog
Uskayaw
Vehumet
Wu Jian
Xom
Yredelemnul
Zin
The Shining One

Annotations:
D:5 1 transporter, qw's ghost, novice GrHu


Message History

You shoot an arrow.
The arrow hits the yak but does no damage.
The yak is lightly wounded.
The yak gores you!
You shoot an arrow. The arrow hits the yak.
The yak is moderately wounded.
The yak closely misses you.
You shoot an arrow. The arrow barely misses the yak.
The arrow hits the yak!
You kill the yak!
Okawaru accepts your kill. The yak gores you.
You feel your intelligence returning.
You shoot an arrow. The arrow hits the yak!!
The yak is severely wounded.
The yak barely misses you.
You shoot an arrow. The arrow hits the yak!
You kill the yak!
Okawaru accepts your kill.
You shoot an arrow. The arrow hits the yak.
The yak is lightly wounded.
The yak gores you!
You shoot an arrow. The arrow barely misses the yak.
The arrow closely misses the yak.
The yak gores you.
You shoot an arrow. The arrow hits the yak!
The yak is heavily wounded.
The yak gores you.
You shoot an arrow. The arrow closely misses the yak. x2
The yak gores you!
7931 ||| READING scroll of teleportation.
As you read the scroll of teleportation, it crumbles to dust.
You feel strangely unstable. The yak gores you but does no damage.
You shoot an arrow. The arrow hits the yak!
The yak is almost dead.
The yak gores you!
You shoot an arrow. The arrow barely misses the yak.
The arrow hits the yak!
The yak is moderately wounded.
The yak gores you.
You die...

#.........##.#
##.#.#.#.###.#
######### #.# #.#
#.# #.# #.# #.#
#@# #Y## #Y.##
##..##############
##.....Y.Y.......
##...#..#..#Y.#.
#........Y.....
#...#..#..#..#.
#..............


You could see 2 yaks.

Vanquished Creatures
  Joseph (D:7)
  4 yaks (D:8)
  2 water moccasins
  2 ice beasts
  An orc warrior (D:7)
  2 sky beasts (D:6)
  A black bear (D:6)
  An ogre (D:4)
  A centaur (D:6)
  A phantom (D:5)
  2 kobold brigands (D:6)
  3 bullfrogs
  3 necrophages (D:4)
  4 scorpions
  2 wights (D:4)
  3 killer bees
  A bullfrog zombie (D:4)
  A centaur zombie (D:4)
  2 hounds
  A human zombie (D:4)
  A jelly (D:6)
  2 orc priests
  A scorpion zombie (D:4)
  2 sleepcaps
  7 iguanas
  3 orc wizards
  A mummy (D:4)
  15 adders
  2 white imps (D:6)
  5 ufetubi
  An adder zombie (D:4)
  2 dart slugs
  36 orcs
  2 bats (D:1)
  6 endoplasms
  6 giant cockroaches
  A gnoll zombie (Ossuary)
  4 hobgoblins
  8 jackals
  7 quokkas
  11 ball pythons
  3 frilled lizards
  2 gnoll skeletons (Ossuary)
  9 goblins
  A goblin skeleton (Ossuary)
  2 goblin zombies (Ossuary)
  A hobgoblin skeleton (Ossuary)
  16 kobolds
  2 kobold zombies (Ossuary)
  A quokka zombie (D:4)
  8 rats
  3 rat skeletons (Ossuary)
  A rat zombie (Ossuary)
210 creatures vanquished.

Notes
Turn   | Place    | Note
-------+----------+-------------------------------------------
     0 | D:1      | qw the Gargoyle Hunter began the quest for the Orb.
     0 | D:1      | Reached XP level 1. HP: 12/12 MP: 1/1
     0 | D:1      | 0 ||| qw: Version: 0.3-a-106-g2cfff9e
     0 | D:1      | 0 ||| qw: Game counter: 2036
     0 | D:1      | 0 ||| qw: Melee chars always use a shield: true
     0 | D:1      | 0 ||| qw: God list: Okawaru
     0 | D:1      | 0 ||| qw: Allow faded altars: false
     0 | D:1      | 0 ||| qw: Do Orc after clearing Dungeon:15 true
     0 | D:1      | 0 ||| qw: Do second Lair branch before Depths: true
     0 | D:1      | 0 ||| qw: Lair rune preference: random
     0 | D:1      | 0 ||| qw: Goals: Normal, Save, Zot:1-4, Win
     0 | D:1      | 0 ||| PLANNING D:1-11
   159 | D:1      | Reached XP level 2. HP: 16/17 MP: 2/2
   906 | D:1      | 906 ||| READING 2 scrolls labelled JUACSA JOCWUU.
   907 | D:1      | 907 ||| READING scroll labelled GUVVAU VEDUET.
   910 | D:1      | 910 ||| DROPPING scroll of butterflies.
   911 | D:1      | 911 ||| DROPPING scroll of poison.
   946 | D:2      | Reached XP level 3. HP: 21/21 MP: 3/3
  1042 | D:2      | Reached skill level 5 in Ranged Weapons
  1062 | D:2      | Found a glowing golden altar of the Shining One.
  1264 | D:2      | Reached skill level 3 in Fighting
  1388 | D:2      | Reached XP level 4. HP: 18/28 MP: 4/4
  1780 | D:2      | 1780 ||| UPGRADING to ring of positive energy.
  1781 | D:2      | 1781 ||| UPGRADING to +6 ring of dexterity.
  1782 | D:2      | 1782 ||| READING scroll labelled SUFILU KEISI.
  1916 | D:3      | Noticed a bullfrog
  1923 | D:3      | HP: 7/28 [bullfrog (7)]
  1924 | D:3      | 1924 ||| DRINKING 2 black potions.
  1925 | D:3      | Killed a bullfrog
  1926 | D:3      | Reached skill level 6 in Ranged Weapons
  1926 | D:3      | Reached XP level 5. HP: 14/32 MP: 5/5
  2217 | D:3      | Found a stormy altar of Qazlal.
  2318 | D:3      | 2318 ||| FLEEEEING.
  2319 | D:3      | 2319 ||| FLEEEEING.
  2320 | D:3      | 2320 ||| FLEEEEING.
  2321 | D:3      | 2321 ||| FLEEEEING.
  2322 | D:3      | 2322 ||| FLEEEEING.
  2323 | D:3      | 2323 ||| FLEEEEING.
  2324 | D:3      | 2324 ||| FLEEEEING.
  2325 | D:3      | 2325 ||| FLEEEEING.
  2326 | D:3      | 2326 ||| FLEEEEING.
  2327 | D:3      | 2327 ||| FLEEEEING.
  2328 | D:3      | 2328 ||| FLEEEEING.
  2329 | D:3      | 2329 ||| FLEEEEING.
  2330 | D:3      | 2330 ||| FLEEEEING.
  2331 | D:3      | 2331 ||| FLEEEEING.
  2332 | D:3      | 2332 ||| FLEEEEING.
  2333 | D:3      | 2333 ||| STAIRDANCE
  2408 | D:2      | 2408 ||| DROPPING +6 ring of intelligence.
  2409 | D:2      | 2409 ||| READING 2 scrolls labelled QORIUF MEMN.
  2409 | D:2      | 2409 ||| IDENTIFYING dark potion
  2410 | D:2      | 2410 ||| READING scroll of identify.
  2410 | D:2      | 2410 ||| IDENTIFYING bubbling yellow potion
  2416 | D:3      | 2416 ||| STAIRDANCE
  2619 | D:3      | Reached XP level 6. HP: 38/38 MP: 6/6
  2756 | D:4      | 2756 ||| STAIRDANCE
  2769 | D:3      | 2769 ||| UPGRADING to +0 ring mail.
  2779 | D:3      | 2779 ||| DROPPING +0 leather armour.
  2783 | D:4      | 2783 ||| STAIRDANCE
  2792 | D:3      | Reached skill level 1 in Armour
  2944 | D:4      | Reached skill level 7 in Ranged Weapons
  3150 | D:4      | Reached XP level 7. HP: 42/43 MP: 7/7
  3168 | D:4      | 3168 ||| DRINKING potion of curing.
  3168 | D:4      | 3168 ||| (to cure confusion)
  3575 | D:4      | Reached skill level 8 in Ranged Weapons
  3630 | D:4      | Found an ancient bone altar of Kikubaaqudgha.
  3799 | D:4      | Reached XP level 8. HP: 44/49 MP: 8/8
  3974 | D:4      | Found a staircase to the Ecumenical Temple.
  3975 | D:4      | 3975 ||| PLANNING TEMPLE
  3975 | D:4      | 3975 ||| DROPPING ring of flight.
  3976 | D:4      | 3976 ||| UPGRADING to ring of see invisible.
  3978 | D:4      | 3978 ||| READING scroll of identify.
  3978 | D:4      | 3978 ||| IDENTIFYING amethyst potion
  3979 | D:4      | 3979 ||| READING scroll labelled OCROIR NAONG.
  3979 | D:4      | 3979 ||| ENCHANTING +0 shortbow.
  3980 | D:4      | 3980 ||| READING scroll labelled LERIYN HUILOO.
  4081 | D:4      | 4081 ||| READING scroll labelled KOTUDU CUAQOD.
  4082 | D:4      | 4082 ||| DRINKING 2 fizzy dark potions.
  4083 | D:4      | 4083 ||| DROPPING potion of attraction.
  4091 | Temple   | Entered the Ecumenical Temple
  4092 | Temple   | 4092 ||| PLANNING OKAWARU WORSHIP
  4097 | Temple   | Became a worshipper of Warmaster Okawaru
  4098 | Temple   | 4098 ||| PLANNING D:1-11
  4300 | D:5      | Entered Level 5 of the Dungeon
  4512 | D:5      | Reached skill level 9 in Ranged Weapons
  4614 | D:5      | Found a transporter.
  4618 | D:5      | Noticed qw's ghost (novice GrHu)
  4620 | D:5      | Identified the +7 dire flail of Jiopsop {heavy, rElec rF-
                  | rC+ Str+2}
  4867 | D:5      | Reached skill level 6 in Fighting
  5215 | D:5      | 5215 ||| DROPPING amulet of magic regeneration.
  5216 | D:5      | 5216 ||| READING 3 scrolls of identify.
  5216 | D:5      | 5216 ||| IDENTIFYING smoky pink potion
  5217 | D:5      | 5217 ||| READING 2 scrolls of identify.
  5217 | D:5      | 5217 ||| IDENTIFYING fuming yellow potion
  5218 | D:5      | 5218 ||| READING scroll of identify.
  5218 | D:5      | 5218 ||| IDENTIFYING viscous purple potion
  5219 | D:5      | 5219 ||| READING scroll labelled DEETHR XEEZIEMOMO.
  5220 | D:5      | 5220 ||| READING scroll labelled KOSHRO EFRERR.
  5221 | D:5      | 5221 ||| READING scroll labelled AHUFOS ARICE.
  5221 | D:5      | 5221 ||| ENCHANTING +0 ring mail.
  5222 | D:5      | 5222 ||| DRINKING 2 murky dark potions.
  5272 | D:5      | 5272 ||| DROPPING potion of lignification.
  5327 | D:6      | 5327 ||| PLANNING OSSUARY
  5410 | D:6      | Found a bloodstained altar of Trog.
  5429 | D:6      | Reached skill level 3 in Dodging
  5511 | D:6      | Reached * piety under Okawaru
  5522 | D:6      | Reached skill level 1 in Invocations
  5576 | D:6      | 5576 ||| SWAPPING to +0 orcbow.
  5577 | D:6      | 5577 ||| DROPPING +1 shortbow.
  5589 | D:6      | Found a sand-covered staircase.
  5590 | D:6      | 5590 ||| READING scroll labelled PUAMAATOXT.
  5625 | D:6      | 5625 ||| READING scroll labelled ONOET RUANT.
  5635 | D:6      | 5635 ||| Stepping ~*~*~tactically~*~*~ (retreating).
  5640 | D:6      | 5640 ||| Stepping ~*~*~tactically~*~*~ (retreating).
  5641 | D:6      | 5641 ||| Stepping ~*~*~tactically~*~*~ (retreating).
  5649 | D:6      | Reached XP level 9. HP: 51/55 MP: 10/10
  5748 | D:6      | Reached skill level 3 in Invocations
  5750 | D:6      | 5750 ||| DROPPING wand of flame (9).
  5756 | Ossuary  | Entered an ossuary
  5912 | D:6      | 5912 ||| PLANNING D:1-11
  6114 | D:6      | Reached skill level 10 in Ranged Weapons
  6575 | D:7      | Reached ** piety under Okawaru
  6587 | D:7      | Found a burning altar of Makhleb.
  7014 | D:7      | Noticed Joseph
  7027 | D:7      | HP: 14/57 [Joseph/+0 quarterstaff (7)]
  7028 | D:7      | 7028 ||| READING 2 scrolls of teleportation.
  7029 | D:7      | 7029 ||| DRINKING potion of heal wounds.
  7064 | D:7      | Killed Joseph
  7065 | D:7      | Reached skill level 11 in Ranged Weapons
  7558 | D:7      | 7558 ||| READING scroll of identify.
  7558 | D:7      | 7558 ||| IDENTIFYING viscous yellow potion
  7559 | D:7      | 7559 ||| DRINKING 2 smoky clear potions.
  7560 | D:7      | 7560 ||| DRINKING 3 orange potions.
  7561 | D:7      | 7561 ||| DROPPING 2 potions of degeneration.
  7562 | D:7      | 7562 ||| DROPPING potion of brilliance.
  7655 | D:8      | 7655 ||| STAIRDANCE
  7691 | D:8      | 7691 ||| STAIRDANCE
  7739 | D:8      | Found a glowing silver altar of Zin.
  7878 | D:8      | 7878 ||| RETREEAATING.
  7882 | D:8      | 7882 ||| STILL RETREEAATING.
  7883 | D:8      | 7883 ||| STILL RETREEAATING.
  7885 | D:8      | 7885 ||| Stepping ~*~*~tactically~*~*~ (retreating).
  7886 | D:8      | 7886 ||| Stepping ~*~*~tactically~*~*~ (retreating).
  7890 | D:8      | Reached XP level 10. HP: 64/64 MP: 13/13
  7890 | D:8      | 7890 ||| STILL RETREEAATING.
  7891 | D:8      | 7891 ||| STILL RETREEAATING.
  7892 | D:8      | 7892 ||| STILL RETREEAATING.
  7893 | D:8      | 7893 ||| STILL RETREEAATING.
  7894 | D:8      | 7894 ||| STILL RETREEAATING.
  7895 | D:8      | 7895 ||| STILL RETREEAATING.
  7896 | D:8      | 7896 ||| STILL RETREEAATING.
  7897 | D:8      | 7897 ||| STILL RETREEAATING.
  7898 | D:8      | 7898 ||| STILL RETREEAATING.
  7899 | D:8      | 7899 ||| STILL RETREEAATING.
  7900 | D:8      | 7900 ||| STILL RETREEAATING.
  7901 | D:8      | 7901 ||| STILL RETREEAATING.
  7902 | D:8      | 7902 ||| STILL RETREEAATING.
  7903 | D:8      | 7903 ||| STILL RETREEAATING.
  7904 | D:8      | 7904 ||| STILL RETREEAATING.
  7905 | D:8      | 7905 ||| STILL RETREEAATING.
  7906 | D:8      | 7906 ||| STILL RETREEAATING.
  7907 | D:8      | 7907 ||| STILL RETREEAATING.
  7908 | D:8      | 7908 ||| STILL RETREEAATING.
  7909 | D:8      | 7909 ||| STILL RETREEAATING.
  7913 | D:8      | 7913 ||| Stepping ~*~*~tactically~*~*~ (retreating).
  7914 | D:8      | 7914 ||| STILL RETREEAATING.
  7918 | D:8      | Reached *** piety under Okawaru
  7930 | D:8      | HP: 13/64 [yak (9)]
  7931 | D:8      | 7931 ||| READING scroll of teleportation.
  7932 | D:8      | HP: 4/64 [yak (10)]
  7933 | D:8      | Slain by a yak

Levels and vault maps discovered:
D:1:      dpeg_arrival_simpleton_a, layout_loops_corners
D:2:      layout_basic, basic_altar
D:3:      layout_loops_ring, mainiacjoe_overflow_brackets
D:4:      layout_loops_ring, lemuel_mausoleum_altar_kikubaaqudgha,
          minmay_temple_entry_trees
D:5:      layout_basic, gammafunk_ghost_smash
D:6:      layout_rooms, mainiacjoe_overflow_concentric_impassable,
          nicolae_ossuary_entry_monument, minmay_increasing_density
D:7:      layout_basic, lightli_temple_of_fire, serial_corexii_hall,
          corexii_hall_statues_x, corexii_hall_statues_l,
          corexii_hall_statues_x, corexii_hall_statues_s,
          corexii_hall_statues_u, corexii_hall_statues_deadend, uniq_joseph
D:8:      layout_basic, zin_academy, mainiacjoe_overflow_chevrons,
          nicolae_dithmenos_through_a_glass_darkly, minmay_misc_feat_doors,
          columned_hall_lemuel, kennysheep_generic_room_8, uniq_grum
Temple:   nicolae_temple_no_exploring_needed

Skill      XL: |  1  2  3  4  5  6  7  8  9 |
---------------+----------------------------+-----
Ranged Weapons | 5 6 7 8 9 11 | 11.7
Fighting       | 3 4 5 6 8 |  8.1
Dodging        | 2 3 |  3.3
Armour         | 1 2 |  2.0
Invocations    | 1 4 |  4.0
Stealth        | |  1.1

Action                     |  1- 3 |  4- 6 |  7- 9 | 10-12 || total
---------------------------+-------+-------+-------+-------++-------
   Fire: Shortbow          |   110 |   174 |   357 |       ||   641
         Orcbow            |       |       |   221 |    21 ||   242
    Use: Scroll            |     2 |     3 |    14 |     1 ||    20
         Potion            |       |     1 |     6 |       ||     7
 Armour: Leather armour    |    21 |    30 |       |       ||    51
         Ring mail         |       |    31 |   318 |    13 ||   362
  Dodge: Dodged            |    16 |    53 |   274 |     4 ||   347

Table legend:
 A = Non-vault XP
 B = Vault XP
 C = Vault XP percentage of total XP
 D = Non-vault monster count
 E = Vault monster count
 F = Vault count percentage of total count
                 A         B        C        D         E       F
            +---------+---------+-------+---------+---------+-------
      Total |    3868 |    1545 |  28.5 |     176 |      34 |  16.2
            +---------+---------+-------+---------+---------+-------
        D:1 |      32 |       0 |   0.0 |      20 |       0 |   0.0
        D:2 |      94 |       0 |   0.0 |      21 |       0 |   0.0
        D:3 |     255 |       0 |   0.0 |      33 |       0 |   0.0
        D:4 |     381 |     589 |  60.7 |      27 |      12 |  30.8
        D:5 |     376 |       0 |   0.0 |      16 |       0 |   0.0
        D:6 |     986 |     467 |  32.1 |      38 |       8 |  17.4
        D:7 |     877 |     475 |  35.1 |      16 |       1 |   5.9
        D:8 |     867 |       0 |   0.0 |       5 |       0 |   0.0
    Ossuary |       0 |      14 | 100.0 |       0 |      13 | 100.0
            +---------+---------+-------+---------+---------+-------
